 Dungeon Crawl Stone Soup version 0.17.1-3-g152610e (webtiles) character file.

15932 kaze the Fighter (level 12, -21/79 HPs)
             Began as a Gargoyle Berserker on Mar 28, 2016.
             Was a Priest of Trog.
             Demolished by a titanic slime creature (56 damage)
             ... on level 12 of the Dungeon.
             The game lasted 00:30:30 (13597 turns).

kaze the Fighter (Gargoyle Berserker)              Turns: 13597, Time: 00:30:30

Health: -21/79     AC: 32    Str: 28    XL:     12   Next: 32%
Magic:  21/21      EV: 10    Int:  9    God:    Trog [***...]
Gold:   823        SH:  0    Dex:  9    Spells: 0 memorised, 11 levels left

rFire  + . .     SeeInvis .     R - +9 spear of Desperation {freeze, +Fly MP+9 Str+3}
rCold  + . .     Clarity  .     K - +0 plate armour
rNeg   + . .     SustAt   .     (no shield)
rPois  ∞         Gourm    .     j - +0 helmet
rElec  +         Spirit   .     (no cloak)
rCorr  +         Warding  .     (no gloves)
rMut   .         Stasis   .     (no boots)
MR     .....                    N - amulet of resist corrosion
Stlth  ..........               J - +5 ring of protection
                                t - +3 ring of protection

@: resistant, not resistant to hostile enchantments, extremely unstealthy
A: negative energy resistance 1, electricity resistance, unbreathing,
petrification resistance, rot immunity, AC +8
a: Berserk, Trog's Hand, Burn Spellbooks, Renounce Religion, Evoke Flight


You were on level 12 of the Dungeon.
You worshipped Trog.
Trog was most pleased with you.
You were not hungry.

You visited 1 branch of the dungeon, and saw 12 of its levels.
You also visited: Labyrinth.

You collected 823 gold pieces.

Inventory:

Hand Weapons
 H - the +7 flail "Urphag" {flame, MR+ Dex+3}
   (You found it on level 6 of the Dungeon)

   It has been specially enchanted to burn those struck by it, causing extra
   injury to most foes and up to half again as much damage against particularly
   susceptible opponents.
   It affects your dexterity (+3).
   It affects your resistance to hostile enchantments.
 R - the +9 spear of Desperation (weapon) {freeze, +Fly MP+9 Str+3}
   (You found it in a labyrinth)

   It has been specially enchanted to freeze those struck by it, causing extra
   injury to most foes and up to half again as much damage against particularly
   susceptible opponents.
   It can also slow down cold-blooded creatures.
   It affects your strength (+3).
   It affects your magic capacity (+9).
   It lets you fly.
Missiles
 I - 16 tomahawks (quivered)
Armour
 j - a +0 helmet (worn)
 K - a +0 plate armour (worn)
Rods
 u - a +2 iron rod (13/13)
   (You took it off a minotaur in a labyrinth)
Jewellery
 h - an uncursed ring of ice
 t - a +3 ring of protection (left hand)
 w - an uncursed amulet of faith
 y - an uncursed ring of fire
 z - an uncursed ring of ice
 F - an uncursed ring of fire
 J - a +5 ring of protection (right hand)
 N - an amulet of resist corrosion (around neck)
Wands
 l - a wand of frost (27)
 G - a wand of draining (10)
 L - a wand of cold (5)
 P - a wand of frost (34)
 Q - a wand of fireball (4)
Scrolls
 c - a scroll of recharging
 d - 12 scrolls of remove curse
 k - 4 scrolls of enchant weapon
 m - 3 scrolls of identify
 v - a scroll of fog
 B - 3 scrolls of teleportation
 C - 2 scrolls of enchant armour
 S - a scroll of fear {unknown}
Potions
 a - 2 potions of lignification
 b - a potion of cure mutation
 e - 6 potions of heal wounds
 g - a potion of brilliance
 n - 2 potions of might {unknown}
 o - 6 potions of curing {unknown}
 p - a potion of magic {unknown}
 r - 2 potions of resistance
 x - 3 potions of berserk rage {unknown}
 A - a potion of haste {unknown}
 D - a potion of agility {unknown}
 E - 2 potions of mutation {unknown}
 M - a potion of invisibility {unknown}
Comestibles
 f - 2 meat rations
 i - 2 slices of pizza
 q - 3 bread rations
 s - 2 beef jerkies


   Skills:
 + Level 10.8 Fighting
 + Level 9.5 Maces & Flails
 + Level 5.0 Polearms
 + Level 1.8 Throwing
 + Level 10.0 Armour
 + Level 8.4 Dodging
 + Level 4.1 Stealth


You had 11 spell levels left.
You didn't know any spells.

Dungeon Overview and Level Annotations

Branches:
Dungeon (12/15)            Temple (0/1) D:7            Lair (0/8) D:10
    Orc (0/4) D:10

Altars:
Dithmenos
Gozag
Kikubaaqudgha
Nemelex Xobeh
Qazlal
Ru
The Shining One

Shops:
D:11 =


Innate Abilities, Weirdness & Mutations

You are resistant to torment.
Your stone body is resilient (AC +8).
You are immune to poison.
You resist negative energy.
You are resistant to electric shocks.
You can survive without breathing.
You are immune to petrification.
You are immune to rotting.


Message History

The titanic slime creature is moderately wounded.
The titanic slime creature barely misses you.
You puncture the titanic slime creature!
You freeze the titanic slime creature.
The titanic slime creature is moderately wounded.
Your skin stops crawling.
You feel less resistant to hostile enchantments.
The titanic slime creature hits you but does no damage.
You hit the titanic slime creature. You freeze the titanic slime creature.
The titanic slime creature is moderately wounded.
You puncture the titanic slime creature!
You freeze the titanic slime creature.
The titanic slime creature is heavily wounded.
The titanic slime creature hits you!!
You puncture the titanic slime creature!
You freeze the titanic slime creature.
The titanic slime creature is heavily wounded.
The titanic slime creature hits you!!!
Ouch! That really hurt!
You die...

...........# #......
...........# #......
...........##### #......
#............# ###....
#.......J###.###########'##
######.#J..#.....<......÷#
#.#.#.###############
#.#.#J# ########....#
#.#.#@# #.....##....+
#.#.#.###.....##....#
#.#.#...'...)).†....#
#.#.#####....)##....#
#.#.#####..)..##....##
#.#...........##......
#.##........#####.####
#.#.........# #.#
#.#.........# #.####


You could see a titanic slime creature.

Vanquished Creatures
  A minotaur (Lab)
  Fannar (D:10)
  2 unseen horrors
  A hill giant (D:11)
  An ugly thing (D:12)
  An oklob plant (D:12)
  A cyclops (D:11)
  Maurice (D:11)
  2 kobold demonologists (D:11)
  A komodo dragon (D:10)
  Grinder (D:6)
  Prince Ribbit (D:6)
  A troll (D:10)
  A two-headed ogre (D:8)
  Sigmund (D:2)
  A shadow (D:12)
  15 yaks
  2 deep elf magi (D:9)
  2 hippogriffs
  A mottled dragon (D:11)
  A water moccasin (D:7)
  10 ogres
  6 phantoms
  A wasp (D:12)
  7 orc warriors
  A sky beast (D:9)
  3 ice beasts
  2 necrophages
  4 centaurs
  4 big kobolds (D:11)
  5 giant frogs
  3 scorpions
  2 electric eels (D:10)
  9 wights
  A vampire bat (D:3)
  9 killer bees
  6 crimson imps
  2 hounds
  6 jellies
  4 centaur skeletons
  9 orc priests
  A giant frog zombie (D:11)
  16 orc wizards
  6 worker ants
  An iguana (D:1)
  A killer bee zombie (D:10)
  3 worker ant zombies
  14 adders
  A shadow imp (D:8)
  15 oozes (D:12)
  2 worms
  3 adder skeletons
  2 giant geckos
  49 orcs
  A ball python (D:8)
  3 bat zombies (D:9)
  7 giant cockroaches
  6 goblins
  9 hobgoblins
  11 jackals
  5 kobolds
  4 quokkas
  11 bats
  5 giant newts
  4 rats
  A rat zombie (D:9)
314 creatures vanquished.

Vanquished Creatures (others)
  4 fungi (D:12)
  10 plants (D:10)
14 creatures vanquished.

Grand Total: 328 creatures vanquished

Notes
Turn   | Place    | Note
--------------------------------------------------------------
     0 | D:1      | kaze the Gargoyle Berserker began the quest for the Orb.
     0 | D:1      | Reached XP level 1. HP: 14/14 MP: 1/1
   107 | D:1      | Reached XP level 2. HP: 13/19 MP: 2/2
   640 | D:1      | Reached XP level 3. HP: 1/23 MP: 3/3
  1405 | D:2      | Noticed Sigmund
  1416 | D:2      | Killed Sigmund
  1416 | D:2      | Reached skill level 4 in Fighting
  1416 | D:2      | Reached XP level 4. HP: 28/30 MP: 4/4
  1416 | D:2      | Reached XP level 5. HP: 31/34 MP: 5/5
  1444 | D:2      | Reached XP level 6. HP: 16/39 MP: 6/6
  1879 | D:2      | Reached ** piety under Trog
  2535 | D:3      | Found a sparkling altar of Nemelex Xobeh.
  2538 | D:3      | Found a stormy altar of Qazlal.
  2541 | D:3      | Found a glowing golden altar of the Shining One.
  2859 | D:3      | Reached skill level 1 in Stealth
  3196 | D:3      | Reached skill level 1 in Polearms
  3321 | D:4      | Reached skill level 5 in Fighting
  3321 | D:4      | Reached XP level 7. HP: 13/44 MP: 7/7
  3389 | D:4      | Got a sapphire quarterstaff
  3390 | D:4      | Identified the +0 quarterstaff "Ylocosor" {crush, rElec rPois rN+} (You found it on level 4 of the Dungeon)
  3755 | D:4      | Reached skill level 5 in Dodging
  4162 | D:4      | Found a shadowy altar of Dithmenos.
  4206 | D:5      | Entered Level 5 of the Dungeon
  4328 | D:5      | HP: 1/44 [orc wizard/puff of flame (2)]
  4693 | D:5      | Reached XP level 8. HP: 44/50 MP: 8/8
  5127 | D:6      | Noticed Prince Ribbit
  5149 | D:6      | Noticed Grinder
  5169 | D:6      | Killed Grinder
  5213 | D:6      | Got a jewelled flail
  5214 | D:6      | Identified the +7 flail "Urphag" {flame, MR+ Dex+3} (You found it on level 6 of the Dungeon)
  5242 | D:6      | Reached skill level 6 in Fighting
  5250 | D:6      | Killed Prince Ribbit
  5293 | D:6      | Reached *** piety under Trog
  5531 | D:6      | Reached XP level 9. HP: 47/56 MP: 9/9
  5558 | D:6      | Found a sacrificial altar of Ru.
  5795 | D:7      | Reached skill level 5 in Armour
  5821 | D:7      | Reached skill level 7 in Fighting
  6026 | D:7      | Found a staircase to the Ecumenical Temple.
  6163 | D:7      | Reached skill level 5 in Maces & Flails
  6249 | D:7      | Reached **** piety under Trog
  6666 | D:8      | Reached skill level 8 in Fighting
  6666 | D:8      | Reached XP level 10. HP: 41/64 MP: 10/10
  7058 | D:8      | Found an opulent altar of Gozag.
  7424 | D:8      | Reached ***** piety under Trog
  8048 | D:9      | Reached skill level 9 in Fighting
  8058 | D:9      | Received a gift from Trog
  8332 | D:9      | Found an ancient bone altar of Kikubaaqudgha.
  8371 | D:10     | Entered Level 10 of the Dungeon
  8468 | D:10     | Reached XP level 11. HP: 43/71 MP: 11/11
  8476 | D:10     | Reached skill level 1 in Throwing
  8485 | D:10     | Found a staircase to the Orcish Mines.
  8970 | D:10     | Noticed Fannar
  8976 | D:10     | Killed Fannar
  9045 | D:10     | Received a gift from Trog
  9541 | D:10     | Found a staircase to the Lair.
  9795 | D:11     | Killed an unseen horror
  9947 | D:11     | Noticed Maurice
  9956 | D:11     | Killed Maurice
  9962 | D:11     | Noticed a soul eater
  9982 | D:11     | Noticed an ice devil
  9984 | D:11     | Received a gift from Trog
  9984 | D:11     | Reached skill level 10 in Fighting
  9998 | D:11     | Noticed an ice devil
 10101 | D:11     | Found a labyrinth entrance.
 10142 | Lab      | Entered a labyrinth
 11524 | Lab      | Noticed a minotaur
 11534 | Lab      | Killed a minotaur
 11547 | Lab      | Identified The Intricacies of Spellweaving
 11548 | Lab      | Got a scorched spear
 11551 | D:11     | Identified the +9 spear of Desperation {freeze, +Fly MP+9 Str+3} (You found it in a labyrinth)
 12087 | D:11     | Noticed a hill giant
 12098 | D:11     | Killed a hill giant
 12103 | D:11     | Found Jywkorar's Jewellery Shoppe.
 12661 | D:12     | Reached XP level 12. HP: 67/78 MP: 12/12
 13427 | D:12     | Reached skill level 10 in Armour
 13546 | D:12     | Reached skill level 5 in Polearms
 13597 | D:12     | Demolished by a titanic slime creature

Action                   |  1- 3 |  4- 6 |  7- 9 | 10-12 || total
-------------------------+-------+-------+-------+-------++-------
Melee: Mace              |    72 |     1 |       |       ||    73
       Scythe            |       |   165 |   160 |       ||   325
       Flail             |       |       |   150 |   369 ||   519
       Spear             |       |       |       |   249 ||   249
Throw: Tomahawk          |       |       |       |    17 ||    17
Invok: Berserk           |     1 |     1 |     1 |     4 ||     7
       Trog's Hand       |       |     1 |     2 |     5 ||     8
       Burn Spellbooks   |       |     1 |     1 |     3 ||     5
  Use: Scroll            |       |     2 |     9 |     6 ||    17
       Potion            |       |       |     1 |     2 ||     3
 Stab: Sleeping          |       |     2 |       |     1 ||     3
  Eat: Bread ration      |     1 |       |       |       ||     1
       Chunk             |       |     5 |     2 |     4 ||    11
       Meat ration       |       |       |     2 |     3 ||     5
       Beef jerky        |       |       |     1 |     1 ||     2
       Royal jelly       |       |       |       |     3 ||     3
       Fruit             |       |       |       |     2 ||     2
